 Dungeon Crawl Stone Soup version 0.27.0-1-g7a089689b8 (webtiles) character file.

Game seed: 10084718618815868522

42 ZARRMARR the Chopper (level 3, 0/33 HPs)
             Began as a Hill Orc Monk on Aug 14, 2021.
             Succumbed to a scorpion's poison
             ... on level 2 of the Dungeon.
             The game lasted 00:04:32 (1330 turns).

ZARRMARR the Chopper (Hill Orc Monk)                Turns: 1330, Time: 00:04:33

Health: 0/33       AC:  2    Str: 14    XL:     3   Next: 54%
Magic:  3/3        EV: 12    Int: 10    God:
Gold:   100        SH:  0    Dex: 13    Spells: 2/2 levels left

rFire    . . .     SeeInvis .   a - +0 hand axe
rCold    . . .     Faith    .   (no shield)
rNeg     . . .     Spirit   .   b - +0 robe
rPois    .         Reflect  .   (no helmet)
rElec    .         Harm     .   (no cloak)
rCorr    .         Rampage  .   (no gloves)
Will     .....                  (no boots)
Stlth    ++........             (no amulet)
HPRegen  0.11/turn              (no ring)
MPRegen  0.08/turn              (no ring)

@: lethally poisoned (0 -> -2)
A: no striking features
a: no special abilities


You were on level 2 of the Dungeon.
You visited 1 branch of the dungeon, and saw 2 of its levels.

You collected 100 gold pieces.

Inventory:

Hand Weapons
 a - a +0 hand axe (weapon)
Missiles
 d - 3 stones (quivered)
Armour
 b - a +0 robe (worn)


   Skills:
 + Level 4.0 Fighting
 + Level 5.1 Axes
 + Level 0.2 Throwing
 + Level 2.7 Dodging
 - Level 1.5 Stealth


You had 2 spell levels left.
You didn't know any spells.
Your spell library was empty.

Dungeon Overview and Level Annotations

Branches:
Dungeon (2/15)

Altars:


Message History

The scorpion is lightly wounded.
You feel sick. The scorpion stings you.
It was a potion of curing.
You feel better. The scorpion stings you.
You are poisoned.
The scorpion poisons you! The scorpion stings you.
You feel better.
An adder comes into view.
The scorpion stings you!
You are poisoned.
The scorpion poisons you!
As you read the scroll labelled LUKO VUTAAXIDD, it crumbles to dust.
You speak a Word of immense power!
It was a scroll of holy word.
You feel very sick. The scorpion stings you.
* * * LOW HITPOINT WARNING * * *
As you read the scroll labelled CISTI MIUCEXU, it crumbles to dust.
You feel strangely unstable.
It was a scroll of teleportation.
* * * LOW HITPOINT WARNING * * *
You feel sick.
The adder hisses angrily.
The scorpion stings you.
* * * LOW HITPOINT WARNING * * *
As you read the scroll labelled XYCYINT RACK, it crumbles to dust.
The scroll dissolves into smoke.
It was a scroll of fog.
* * * LOW HITPOINT WARNING * * *
You feel sick. The scorpion closely misses you.
You closely miss the scorpion.
The scorpion is lightly wounded.
Your surroundings suddenly seem different.
* * * LOW HITPOINT WARNING * * *
You feel sick.
A kobold comes into view. It is wielding a +0 short sword.
* * * LOW HITPOINT WARNING * * *
You feel sick.
Found a glowing hand axe.
* * * LOW HITPOINT WARNING * * *
You feel sick.
The helpless kobold fails to defend itself.
You hit the kobold but do no damage.
You die...

.# ##.## .. ..
.###.#.## # .# .>
.##.###.##### #...
...## ##....# #.#.
###.###.###.##.#..
##.#........#
#.###.##..
##.#####..##
##........ ###
.###.###.#### #@.#
#K#.# .....#
..##.#.# ## #.#.)
#.#.# #.#.# #. ..


You could see a kobold.

Vanquished Creatures
  An adder (D:2)
  A dart slug (D:2)
  5 ball pythons (D:1)
  2 bats
  2 endoplasms (D:2)
  2 giant cockroaches
  2 hobgoblins (D:2)
  A jackal (D:1)
  3 frilled lizards
  6 kobolds
  7 rats (D:1)
32 creatures vanquished.

Notes
Turn   | Place    | Note
-------+----------+-------------------------------------------
     0 | D:1      | ZARRMARR the Hill Orc Monk began the quest for the Orb.
     0 | D:1      | Reached XP level 1. HP: 19/19 MP: 1/1
   276 | D:1      | Reached XP level 2. HP: 26/27 MP: 2/2
  1092 | D:2      | Reached XP level 3. HP: 31/33 MP: 3/3
  1136 | D:2      | Reached skill level 5 in Axes
  1315 | D:2      | Noticed a scorpion
  1328 | D:2      | HP: 1/33 [poisoned by a scorpion]
  1330 | D:2      | Succumbed to a scorpion's poison

Illustrated notes

Levels and vault maps discovered:
D:1:      dpeg_arrival_brainrot, layout_basic
D:2:      layout_loops_ring, hellmonk_ecumenical_altar_arch_garden

Skill      XL: |  1  2  3 |
---------------+----------+-----
Fighting       | 4 |  4.0
Axes           | 5 |  5.1
Throwing       | |  0.2
Dodging        | |  2.7
Stealth        | |  1.5

Action                   || total
-------------------------++-------
Melee: Hand axe          ||    95
Throw: Stone             ||    16
  Use: Scroll            ||     3
       Potion            ||     2
 Stab: Sleeping          ||     6
Armor: Robe              ||     9
Dodge: Dodged            ||    60
